 Dungeon Crawl Stone Soup version 0.23-a0-143-g1adec7b (webtiles) character file.

2302 Inarius the Cutter (level 9, -4/62 HPs)
             Began as a Halfling Fighter on Sept 3, 2018.
             Was an Initiate of Dithmenos.
             Slain by an orc warrior
             ... wielding a +0 scimitar
              (14 damage)
             ... in the Ecumenical Temple.
             The game lasted 00:13:17 (6359 turns).

Inarius the Cutter (Halfling Fighter)               Turns: 6359, Time: 00:13:17

Health: -4/62      AC: 12    Str: 25    XL:     9   Next: 67%
Magic:  18/18      EV: 12    Int:  6    God:    Dithmenos [......]
Gold:   228        SH: 11    Dex: 14    Spells: 8/8 levels left

rFire    . . .     SeeInvis .   a - +0 rapier
rCold    . . .     Gourm    .   c - +0 shield
rNeg     . . .     Faith    .   p - +0 ring mail
rPois    +         Spirit   .   r - +1 helmet
rElec    .         Reflect  .   B - +2 cloak {rPois}
rCorr    +         Harm     .   (no gloves)
MR       .....                  x - +0 pair of boots
Stlth    +++.......             v - amulet of rage
HPRegen  0.20/turn              t - ring of resist corrosion
MPRegen  0.16/turn              g - ring of magical power

@: mighty
A: small, mutation resistance 1
a: Renounce Religion, Evoke Berserk Rage


You were in the Ecumenical Temple.
You worshipped Dithmenos.
Dithmenos was noncommittal.
You were hungry.

You visited 2 branches of the dungeon, and saw 7 of its levels.
You also visited: Sewer.

You collected 228 gold pieces.

Inventory:

Hand Weapons
 a - a +0 rapier (weapon)
 b - a +0 hunting sling
Missiles
 n - 181 stones (quivered)
Armour
 c - a +0 shield (worn)
 p - a +0 ring mail (worn)
 r - a +1 helmet (worn)
 x - a +0 pair of boots (worn)
 y - a scarf of cloud immunity
 B - a +2 cloak of poison resistance (worn)
Jewellery
 g - a ring of magical power (right hand)
 t - a ring of resist corrosion (left hand)
 v - an amulet of rage (around neck)
Wands
 i - a wand of acid (7)
 z - a wand of paralysis (25)
Scrolls
 h - a scroll of vulnerability {unknown}
 j - 5 scrolls of remove curse
 l - a scroll of teleportation
 m - 3 scrolls of fear
 o - 2 scrolls of amnesia
 w - 2 scrolls of immolation
 D - a scroll of noise {unknown}
Potions
 e - 4 potions of flight
 k - a potion of berserk rage {unknown}
 q - a potion of mutation {unknown}
 s - a potion of lignification {unknown}
 u - a potion of heal wounds
 A - a potion of brilliance {unknown}
Comestibles
 f - 11 rations


   Skills:
 * Level 5.8 Fighting
 + Level 7.0 Short Blades
 + Level 5.9 Slings
 + Level 5.1 Armour
 + Level 3.1 Dodging
 * Level 6.0 Stealth
 + Level 5.8 Shields


You had 8 spell levels left.
You didn't know any spells.
Your spell library was empty.

Dungeon Overview and Level Annotations

Branches:
Dungeon (6/15)             Temple (1/1) D:6

Altars:
Ashenzari
Cheibriados
Dithmenos
Elyvilon
Fedhas
Gozag
Hepliaklqana
Kikubaaqudgha
Makhleb
Nemelex Xobeh
Qazlal
Ru
Sif Muna
Trog
Uskayaw
Vehumet
Wu Jian
Xom
Yredelemnul
Zin
The Shining One


Innate Abilities, Weirdness & Mutations

You are small and have problems with some larger weapons.
You are somewhat resistant to further mutation.


Message History

The orc warrior is heavily wounded.
You puncture the orc warrior!
The orc warrior is severely wounded.
The orc warrior hits you with a scimitar!
Your shield prevents you from hitting the orc warrior.
The orc warrior is severely wounded.
The orc warrior hits you with a scimitar!
* * * LOW HITPOINT WARNING * * *
You hit the orc warrior.
The orc warrior is almost dead.
The orc warrior barely misses you.
You barely miss the orc warrior.
The orc warrior is almost dead.
The orc warrior closely misses you.
You closely miss the orc warrior.
The orc warrior is almost dead.
You hit the orc warrior.
The orc warrior is almost dead.
The orc warrior hits you with a scimitar!
You die...

≈≈≈≈≈≈......_......≈≈≈≈≈
≈≈≈≈≈.._........._..≈≈≈≈
≈≈≈≈≈≈...≈≈≈.......≈≈≈≈≈
≈≈≈≈≈≈≈≈≈≈≈≈...≈≈≈≈≈≈≈≈
≈≈≈≈≈≈≈≈≈≈≈≈≈...≈≈≈≈≈≈≈
≈≈≈≈≈≈≈≈≈≈≈≈≈≈...≈≈≈≈≈≈
≈≈≈≈≈≈≈≈≈≈≈≈≈≈...≈≈≈≈≈≈
≈≈≈≈≈≈≈≈≈≈≈≈...≈≈≈≈≈≈≈
≈≈≈≈≈≈≈≈≈≈≈.@.≈≈≈≈≈≈≈≈
≈≈≈≈≈......o....≈≈≈≈≈
≈≈≈≈..8...<...8..≈≈≈≈
≈≈≈≈≈...........≈≈≈≈≈
≈≈≈≈≈≈≈...≈≈≈≈≈≈≈≈≈≈≈
≈≈≈≈≈≈...≈≈≈≈≈≈≈≈≈≈≈≈
≈≈≈≈≈...≈≈≈≈≈≈≈≈≈≈≈≈≈
≈≈≈≈≈...≈≈≈≈≈≈≈≈≈≈≈≈
≈≈≈≈≈≈...≈≈≈≈≈≈≈≈≈≈


You could see an orc warrior.

Vanquished Creatures
  Pikel (D:4)
  A water moccasin (D:6)
  A sky beast (D:6)
  An ice beast (D:5)
  A black bear (D:6)
  A necrophage (D:6)
  A big kobold (Sewer)
  2 bullfrogs
  2 scorpions (D:6)
  A water moccasin skeleton (D:5)
  6 killer bees (D:6)
  A howler monkey (D:6)
  3 crimson imps
  A bullfrog zombie (D:5)
  An orc priest (D:5)
  2 jellies (D:6)
  4 hounds
  Crazy Yiuf (D:4)
  An orc wizard (Temple)
  Natasha (twice) (D:4)
  3 worker ants
  2 hound zombies
  Robin (D:2)
  6 adders
  3 river rats
  2 shadow imps (D:5)
  A worm (D:4)
  2 leopard geckos
  5 orcs
  5 ball pythons
  5 giant cockroaches
  11 goblins
  7 hobgoblins
  5 jackals
  A quokka (D:2)
  6 bats
  3 frilled lizards
  10 kobolds
  10 rats
122 creatures vanquished.

Notes
Turn   | Place    | Note
-------+----------+-------------------------------------------
     0 | D:1      | Inarius the Halfling Fighter began the quest for the Orb.
     0 | D:1      | Reached XP level 1. HP: 15/15 MP: 1/1
   310 | D:1      | Reached XP level 2. HP: 16/20 MP: 2/2
   612 | D:1      | Reached XP level 3. HP: 26/26 MP: 3/3
   784 | D:2      | Reached skill level 1 in Stealth
  1028 | D:2      | Noticed Robin
  1527 | D:2      | Killed Robin
  1529 | D:2      | Reached XP level 4. HP: 23/31 MP: 4/4
  1947 | D:2      | Reached skill level 3 in Short Blades
  2059 | D:2      | Reached XP level 5. HP: 33/36 MP: 5/5
  2623 | D:4      | Noticed Natasha
  2629 | D:4      | Killed Natasha
  2629 | D:4      | Reached skill level 1 in Slings
  2860 | D:4      | Found a runed door.
  3022 | D:4      | Found a glowing drain.
  3045 | D:4      | Reached XP level 6. HP: 41/42 MP: 6/6
  3066 | Sewer    | Entered a sewer
  3282 | Sewer    | Found a glowing silver altar of Zin.
  3452 | D:4      | Found a hazy altar of Hepliaklqana.
  3453 | D:4      | Found a shimmering altar of Xom.
  3454 | D:4      | Noticed a spectral ugly thing
  3503 | D:4      | Noticed Natasha
  3513 | D:4      | Killed Natasha
  3513 | D:4      | Reached skill level 1 in Dodging
  3750 | D:4      | Noticed Pikel
  3750 | D:4      | Noticed a slave
  3750 | D:4      | Noticed a slave
  3750 | D:4      | Noticed a slave
  3802 | D:4      | Killed Pikel
  3802 | D:4      | Reached skill level 5 in Short Blades
  3802 | D:4      | Reached skill level 5 in Shields
  3802 | D:4      | Reached XP level 7. HP: 26/49 MP: 7/7
  3802 | D:4      | Reached XP level 8. HP: 28/54 MP: 8/8
  4055 | D:4      | Noticed Crazy Yiuf
  4062 | D:4      | Killed Crazy Yiuf
  4117 | D:5      | Entered Level 5 of the Dungeon
  4772 | D:5      | Reached skill level 5 in Fighting
  5031 | D:5      | Found a blossoming altar of Fedhas.
  5035 | D:5      | Found an ancient bone altar of Kikubaaqudgha.
  5038 | D:5      | Found an opulent altar of Gozag.
  5040 | D:5      | Found a hide-covered altar of Uskayaw.
  5040 | D:5      | Found a sparkling altar of Nemelex Xobeh.
  5040 | D:5      | Found a snail-covered altar of Cheibriados.
  5339 | D:6      | Reached skill level 5 in Slings
  5340 | D:6      | Reached skill level 6 in Short Blades
  5396 | D:6      | Reached XP level 9. HP: 59/61 MP: 9/9
  5442 | D:6      | Reached skill level 5 in Stealth
  5575 | D:6      | Found a staircase to the Ecumenical Temple.
  5665 | Temple   | Entered the Ecumenical Temple
  5717 | Temple   | Became a worshipper of Dithmenos the Shadowed
  6070 | D:6      | Reached skill level 7 in Short Blades
  6070 | D:6      | Reached skill level 5 in Armour
  6359 | Temple   | Slain by an orc warrior

Vault maps used:
D:1:      minmay_arrival_semitransparent, minmay_misc_feat_chi,
          minmay_misc_feat_x, minmay_tromino_i2
D:2:      uniq_robin
D:4:      regret_index_temple_of_mockery, portal_sewer_entry_b,
          uniq_crazy_yiuf_cottage, uniq_natasha, uniq_pikel
D:5:      grunt_temple_overflow_open, first_ration
D:6:      temple_statues
Temple:   eino_temple_water
Sewer:    sewer_kobolds

Skill      XL: |  1  2  3  4  5  6  7  8  9 |
---------------+----------------------------+-----
Fighting       | 3 4 5 |  5.8
Stealth        | 1 2 4 6 |  6.0
Shields        | 4 5 |  5.8
Short Blades   | 3 5 6 7 |  7.0
Slings         | 1 3 5 |  5.9
Armour         | 4 5 |  5.1
Dodging        | 1 2 3 |  3.1

Action                   |  1- 3 |  4- 6 |  7- 9 || total
-------------------------+-------+-------+-------++-------
Melee: Rapier            |   101 |   199 |   295 ||   595
 Fire: Hunting sling     |       |    42 |    90 ||   132
  Use: Scroll            |       |     9 |     4 ||    13
       Potion            |       |     4 |     8 ||    12
 Stab: Sleeping          |       |     1 |     1 ||     2
  Eat: Chunk             |     2 |     7 |     5 ||    14
       Ration            |       |       |     1 ||     1
Armor: Scale mail        |    24 |       |       ||    24
       Ring mail         |     9 |    49 |    90 ||   148
Dodge: Dodged            |    48 |    66 |   117 ||   231
Block: Shield            |    67 |    98 |   157 ||   322

Table legend:
 A = Non-vault XP
 B = Vault XP
 C = Vault XP percentage of total XP
 D = Non-vault monster count
 E = Vault monster count
 F = Vault count percentage of total count
                 A         B        C        D         E       F
            +---------+---------+-------+---------+---------+-------
      Total |    2356 |     933 |  28.4 |      91 |      31 |  25.4
            +---------+---------+-------+---------+---------+-------
        D:1 |      28 |       7 |  20.0 |      17 |       4 |  19.0
        D:2 |      76 |      30 |  28.3 |      18 |       8 |  30.8
        D:3 |      49 |       0 |   0.0 |       8 |       0 |   0.0
        D:4 |     123 |     759 |  86.1 |       4 |       9 |  69.2
        D:5 |     562 |       0 |   0.0 |      19 |       0 |   0.0
        D:6 |    1482 |       0 |   0.0 |      24 |       0 |   0.0
     Temple |      36 |       0 |   0.0 |       1 |       0 |   0.0
      Sewer |       0 |     137 | 100.0 |       0 |      10 | 100.0
            +---------+---------+-------+---------+---------+-------
